Map: Arctic Gates

Players

Megabyte

  • Race: Zerg Zerg
  • League: Platinum
  • Spawn Location: 0:00

Bloodbyte

  • Race: Zerg Zerg
  • League: Gold
  • Spawn Location: 9:00

Metasapien

  • Race: Zerg Zerg
  • League: Platinum
  • Spawn Location: 3:00

Kswiss

  • Race: Protoss Protoss
  • Spawn Location: 0:00

VOD

Have the link to the VOD?

Description

Time

  • Played on: Sept. 17, 2017, 1:19 p.m.
  • Length: 18:36
Show
View Real Time Build Order
Export as new Build Order

Megabyte Zerg 

Build Orders: Hatch First 

Get SALT Encoding   

  12  0:01  Drone  
  13  0:12  Drone  
  14  0:19  Overlord  
  14  0:38  Drone x3  
  17  1:00  Hatchery  
  16  1:04  Drone x2  
  16  1:07  Extractor  
  17  1:11  Extractor  
  17  1:12  Drone  
  17  1:31  Drone  
  18  1:34  Drone  
  19  1:46  Drone  
  20  1:49  Spawning Pool  
  20  1:54  Drone, Evolution Chamber  
  19  2:10  Drone  
  20  2:37  Drone x2  
  20  2:39  Overlord  
  20  2:40  Queen x2  
  26  2:48  Drone  
  26  2:49  Drone  
  28  2:51  Overlord  
  28  3:04  Drone x2  
  28  3:05  Drone  
  31  3:11  Drone  
  32  3:24  Zerg Melee Weapons Level 1  
  32  3:26  Lair  
  32  3:28  Drone  
  32  3:29  Baneling Nest  
  32  3:35  Drone  
  32  3:36  Drone  
  34  3:48  Drone x3  
  37  3:49  Drone x3  
  37  3:51  Drone  
  41  4:04  Extractor, Metabolic Boost  
  41  4:07  Zergling x2  
  41  4:08  Zergling x6  
  44  4:22  Overlord x2  
  41  4:39  Spore Crawler  
  38  4:50  Drone x2  
  38  4:52  Drone  
  41  4:53  Spore Crawler  
  41  4:54  Drone x2, Queen  
  41  4:55  Queen  
  41  4:58  Drone  
  47  5:06  Centrifical Hooks  
  47  5:15  Zergling x8  
  47  5:19  Drone  
  52  5:21  Extractor  
  50  5:39  Drone x2  
  52  5:46  Overlord x2  
  52  5:47  Overlord x2  
  52  5:54  Spore Crawler  
  51  6:12  Drone x3  
  54  6:28  Drone x2  
  54  6:30  Hydralisk Den  
  55  6:42  Zerg Missile Weapons Level 1  
  55  6:50  Evolution Chamber  
  55  6:53  Evolution Chamber  
  53  6:55  Hatchery  
  53  6:56  Drone x4  
  53  6:57  Drone x3  
  53  6:59  Infestation Pit  
  58  7:07  Pneumatized Carapace  
  58  7:10  Overseer x2  
  58  7:36  Hydralisk  
  58  7:37  Hydralisk x7  
  74  7:44  Spore Crawler  
  74  7:45  Spore Crawler  
  72  7:55  Overlord x3  
  72  7:56  Overlord x2  
  72  7:58  Zerg Ground Armor Level 1  
  72  8:03  Muscular Augments  
  72  8:13  Queen  
  72  8:16  Drone x2  
  72  8:17  Queen  
  78  8:36  Hive  
  78  9:02  Zergling x2  
  79  9:18  Zerg Missile Weapons Level 2, Zerg Melee Weapons Level 2  
  79  9:26  Drone x3  
  79  9:27  Drone x5  
  79  9:28  Drone x17  
  104  9:49  Overlord x2  
  104  9:50  Extractor  
  104  9:52  Extractor  
  102  9:54  Extractor, Hatchery  
  102  9:57  Extractor  
  99  10:02  Spore Crawler  
  99  10:04  Spore Crawler  
  93  10:40  Lurker Den  
  93  10:41  Zerg Ground Armor Level 2  
  93  11:03  Viper x6  
  93  11:04  Viper x3  
  99  11:05  Hydralisk  
  99  11:06  Hydralisk x2  
  99  11:08  Overlord x3  
  126  11:13  Lair  
  123  11:39  Zergling x12  
  130  11:40  Zergling x10  
  128  12:03  Hydralisk x10  
  128  12:04  Hydralisk x2  
  146  12:19  Zergling x12  
  131  12:54  Drone x3, Queen  
  131  12:55  Overlord x2  
  136  13:00  Drone  
  136  13:01  Drone  
  136  13:03  Drone x2  
  140  13:15  Drone  
  140  13:16  Drone x7  
  146  13:46  Zergling x18  
  146  13:47  Zerg Ground Armor Level 3  
  146  13:48  Zerg Missile Weapons Level 3, Zerg Melee Weapons Level 3  
  155  13:57  Hydralisk  
  155  13:58  Hydralisk x5  
  155  14:01  Overlord x3  
  167  14:11  Burrow  
  146  15:02  Zergling x2  
  146  15:03  Zergling x26  
  128  15:30  Viper x2  
  128  15:31  Viper  
  128  15:32  Hydralisk x6  
  128  15:33  Hydralisk x5  
  145  16:01  Overlord x2  
  145  16:22  Zergling x2  
  145  16:23  Zergling x20  
  156  17:10  Hatchery  
  156  17:15  Hydralisk  
  155  17:16  Hydralisk x16  
  155  17:18  Hatchery  
  177  18:05  Extractor  
  176  18:09  Spore Crawler  
  173  18:17  Spore Crawler  
Show
View Real Time Build Order
Export as new Build Order

Bloodbyte Zerg 

Build Orders: Hatch First 

Get SALT Encoding   

  12  0:04  Drone  
  13  0:14  Drone  
  14  0:21  Overlord  
  14  0:42  Drone x3  
  17  0:56  Hatchery  
  16  1:12  Spawning Pool  
  15  1:19  Extractor  
  15  1:23  Drone x2  
  15  1:24  Drone  
  17  1:59  Queen  
  17  2:00  Zergling x6  
  22  2:11  Queen  
  22  2:12  Drone  
  25  2:23  Drone, Metabolic Boost  
  26  2:33  Drone  
  27  2:46  Drone  
  27  2:50  Extractor  
  28  2:51  Drone  
  28  2:59  Overlord  
  28  3:06  Spore Crawler  
  27  3:14  Overlord  
  27  3:15  Drone  
  27  3:18  Lair  
  28  3:34  Drone  
  28  3:37  Spine Crawler  
  27  3:54  Drone  
  27  3:55  Drone  
  29  3:57  Drone x2  
  29  4:00  Drone  
  32  4:03  Baneling Nest  
  31  4:11  Drone  
  31  4:16  Drone  
  33  4:18  Drone  
  34  4:25  Drone  
  34  4:28  Drone  
  34  4:29  Roach Warren  
  34  4:30  Evolution Chamber  
  33  4:38  Drone  
  33  4:39  Drone  
  34  4:52  Zergling x6  
  37  5:02  Zerg Missile Weapons Level 1  
  37  5:03  Overlord  
  37  5:08  Drone x2  
  37  5:10  Baneling  
  37  5:11  Baneling  
  37  5:13  Drone x2, Extractor  
  40  5:14  Extractor  
  40  5:19  Overlord  
  39  5:35  Drone x3  
  41  5:45  Drone x2  
  41  5:46  Hydralisk Den, Drone  
  41  5:47  Drone  
  44  5:50  Drone  
  45  6:04  Drone  
  46  6:10  Drone  
  47  6:22  Muscular Augments  
  47  6:24  Hydralisk x2  
  47  6:25  Hydralisk x4  
  53  6:29  Hatchery  
  58  6:37  Spore Crawler  
  57  7:02  Drone  
  57  7:03  Drone  
  59  7:09  Overlord  
  59  7:11  Zerg Ground Armor Level 1, Infestation Pit  
  59  7:12  Hatchery  
  57  7:16  Evolution Chamber  
  56  8:01  Drone x2, Queen  
  56  8:02  Hydralisk x2  
  56  8:03  Hydralisk x2  
  56  8:04  Burrow  
  68  8:06  Pathogen Glands  
  68  8:21  Drone x2  
  68  8:22  Overlord x2  
  68  8:23  Overlord  
  68  8:24  Hydralisk x3  
  76  8:54  Drone x3  
  79  8:56  Evolution Chamber  
  79  8:57  Spore Crawler  
  79  8:59  Spore Crawler  
  79  9:00  Spore Crawler  
  75  9:14  Drone  
  75  9:15  Drone x2  
  75  9:16  Extractor  
  77  9:17  Hydralisk x5  
  77  9:18  Extractor  
  77  9:21  Zerg Missile Weapons Level 2  
  86  9:25  Overlord x3  
  86  9:26  Drone x2  
  88  9:32  Spore Crawler  
  88  9:34  Drone  
  88  9:40  Drone x4  
  92  9:52  Zerg Ground Armor Level 2  
  92  9:54  Hive  
  92  10:11  Overseer  
  84  10:44  Hydralisk  
  84  10:45  Hydralisk x4  
  94  10:51  Hatchery  
  85  11:26  Hydralisk x4  
  89  11:37  Hydralisk x3  
  89  11:38  Hydralisk x4  
  101  11:43  Hydralisk x6  
  96  12:10  Overseer  
  96  12:22  Overlord x3  
  96  12:23  Overlord x2  
  96  12:25  Zerg Missile Weapons Level 3  
  96  12:26  Zerg Ground Armor Level 3  
  76  13:00  Infestor  
  76  13:01  Infestor x11  
  100  13:42  Hatchery  
  99  13:51  Hatchery  
  98  14:04  Hydralisk x2  
  98  14:05  Hydralisk x6  
  98  14:06  Overlord  
  98  14:08  Pneumatized Carapace  
  110  14:46  Spore Crawler  
  110  14:47  Spore Crawler, Spine Crawler  
  103  15:36  Hydralisk x4  
  103  15:37  Drone  
  112  15:54  Drone x2  
  114  16:01  Hydralisk x4  
  122  16:12  Hatchery  
  109  16:39  Drone  
  110  16:41  Extractor  
  110  16:42  Extractor  
  108  16:56  Overseer  
  108  16:59  Overlord x3  
  108  17:25  Drone  
  109  17:36  Hydralisk x6  
  109  17:37  Hydralisk x3  
  117  17:40  Extractor  
  117  17:41  Extractor  
  117  18:09  Spine Crawler  
Show
View Real Time Build Order
Export as new Build Order

Metasapien Zerg 

Build Orders: Pool First 

Get SALT Encoding   

  12  0:02  Drone  
  13  0:13  Overlord  
  13  0:19  Drone  
  14  0:24  Drone, Extractor  
  15  0:32  Drone  
  16  0:37  Drone  
  17  0:48  Spawning Pool  
  16  0:51  Extractor  
  16  0:52  Drone  
  16  0:59  Drone  
  17  1:19  Drone  
  18  1:29  Hatchery  
  18  1:30  Drone  
  18  1:39  Queen  
  20  1:48  Zergling x2  
  20  1:50  Overlord  
  22  2:01  Drone  
  22  2:03  Overlord  
  22  2:27  Drone x2, Spine Crawler  
  23  2:34  Overlord  
  23  2:44  Queen  
  23  2:45  Drone  
  23  2:48  Zergling x2  
  23  2:51  Metabolic Boost  
  27  2:58  Spine Crawler  
  27  3:00  Drone  
  27  3:03  Drone  
  28  3:07  Drone  
  29  3:23  Extractor  
  28  3:32  Zergling x6  
  27  3:43  Drone  
  28  3:56  Zergling x4  
  28  3:57  Overlord x2, Zergling x4  
  32  4:06  Lair  
  32  4:09  Drone x3  
  35  4:15  Zergling x2  
  36  4:17  Zergling x2  
  36  4:37  Drone  
  36  4:38  Drone x5  
  42  4:56  Drone x2  
  44  5:01  Zergling x6  
  47  5:08  Hydralisk Den  
  47  5:09  Drone  
  47  5:10  Drone x3  
  47  5:13  Extractor  
  49  5:15  Extractor  
  40  5:45  Roach Warren  
  40  5:47  Drone x4  
  40  5:48  Drone  
  40  5:49  Drone x2, Hydralisk  
  46  5:50  Hydralisk  
  46  5:53  Overlord  
  50  6:17  Hatchery  
  49  6:20  Drone x3  
  49  6:21  Drone  
  49  6:22  Drone x2  
  49  6:23  Hydralisk  
  49  6:24  Hydralisk  
  59  6:26  Overlord  
  59  6:30  Overseer  
  59  6:35  Pneumatized Carapace  
  59  6:47  Spore Crawler  
  59  6:51  Spore Crawler  
  57  6:54  Spore Crawler  
  57  6:55  Glial Reconstitution  
  57  6:57  Roach x2  
  57  6:58  Roach x3  
  66  7:03  Overseer  
  66  7:20  Evolution Chamber  
  66  7:22  Evolution Chamber  
  64  7:25  Queen  
  64  7:28  Overlord  
  64  7:29  Overlord x2  
  66  7:33  Muscular Augments  
  66  7:38  Roach x3  
  72  7:48  Drone x2  
  74  7:51  Drone x2  
  74  7:52  Nydus Network  
  74  7:54  Drone  
  74  7:55  Drone  
  74  7:58  Drone  
  78  8:00  Drone  
  79  8:25  Zerg Ground Armor Level 1, Zerg Missile Weapons Level 1  
  79  8:34  Roach x2, Hydralisk x3  
  79  8:35  Roach x3  
  79  8:38  Drone  
  96  8:41  Extractor  
  96  8:43  Extractor  
  94  8:52  Roach x2, Hydralisk x2  
  94  8:53  Roach  
  104  9:08  Infestation Pit  
  103  9:44  Overlord x4  
  103  9:45  Overlord x2  
  103  9:58  Nydus Canal  
  103  9:59  Hydralisk  
  105  10:13  Hydralisk x4  
  105  10:14  Hydralisk x2, Roach x5  
  117  10:15  Roach  
  100  10:47  Hydralisk  
  100  10:48  Roach, Hydralisk x4  
  100  10:49  Hydralisk, Roach x6  
  126  11:08  Hydralisk  
  126  11:09  Roach x3, Hydralisk  
  128  11:44  Hydralisk  
  128  11:45  Overlord x2, Roach, Hydralisk  
  128  11:46  Overlord x4  
  134  11:53  Ravager x3  
  137  12:23  Hydralisk  
  137  12:24  Roach x3, Hydralisk x4  
  137  12:25  Roach  
  141  12:34  Hatchery  
  87  12:44  Hydralisk  
  87  12:45  Roach x2  
  73  12:57  Hydralisk x3  
  73  12:58  Roach x3  
  85  13:06  Zerg Missile Weapons Level 2, Zerg Ground Armor Level 2  
  85  13:16  Drone  
  85  13:18  Drone  
  87  13:23  Hydralisk x2  
  87  13:24  Roach x4, Hydralisk x2  
  103  13:37  Hatchery  
  96  13:43  Hydralisk  
  96  13:44  Roach x2, Hydralisk x2  
  107  14:02  Drone  
  107  14:03  Drone x3  
  110  14:16  Roach, Hydralisk x4  
  120  14:17  Roach x3  
  74  14:41  Hydralisk, Roach x2  
  74  14:42  Roach x4, Hydralisk x3  
  74  14:43  Roach x2  
  89  14:55  Roach x2, Hydralisk x2  
  85  15:01  Queen  
  75  15:22  Hydralisk x3  
  75  15:23  Roach x4  
  85  15:52  Hydralisk  
  85  15:53  Roach x3, Hydralisk x4  
  85  15:54  Roach x3  
  107  16:06  Drone x3  
  107  16:08  Drone x2  
  98  16:20  Extractor  
  98  16:25  Hive  
  81  16:33  Drone x2  
  83  16:43  Spine Crawler  
  83  16:44  Extractor  
  81  16:49  Infestor x2  
  81  16:52  Burrow  
  85  17:00  Drone x2  
  85  17:01  Drone  
  88  17:02  Drone x2  
  88  17:03  Drone  
  88  17:07  Drone x3  
  94  17:16  Roach x4  
  94  17:18  Hydralisk x2, Roach x2  
  94  17:20  Hydralisk x2  
  94  17:22  Hydralisk  
  115  17:30  Spore Crawler  
  97  17:49  Hydralisk x3  
  97  17:50  Hydralisk, Roach x5  
  97  17:51  Roach x3  
  113  18:04  Hydralisk x3  
  113  18:05  Roach x3  
  125  18:06  Zergling x8  
  125  18:07  Zergling x2  
Show
View Real Time Build Order
Export as new Build Order

Kswiss Protoss 

Build Orders: Oracle Opening 

Get SALT Encoding   

  12  0:03  Probe (Chrono Boost)  
  13  0:13  Probe (Chrono Boost)  
  14  0:21  Pylon  
  14  0:24  Probe (Chrono Boost)  
  15  0:39  Probe (Chrono Boost)  
  16  0:44  Forge  
  16  0:54  Probe (Chrono Boost)  
  17  1:00  Gateway  
  17  1:08  Probe (Chrono Boost), Assimilator  
  18  1:19  Probe (Chrono Boost)  
  19  1:29  Probe (Chrono Boost)  
  19  1:30  Pylon  
  20  1:40  Probe (Chrono Boost)  
  20  1:45  Photon Cannon  
  21  1:52  Probe (Chrono Boost)  
  21  1:53  Cybernetics Core  
  22  2:02  Photon Cannon  
  22  2:03  Probe (Chrono Boost)  
  23  2:11  Photon Cannon  
  23  2:15  Assimilator  
  23  2:17  Probe (Chrono Boost)  
  23  2:45  Stargate  
  23  2:52  Photon Cannon  
  23  3:03  Probe (Chrono Boost)  
  24  3:13  Probe (Chrono Boost)  
  25  3:24  Nexus  
  25  3:30  Oracle (Chrono Boost)  
  27  4:02  Void Ray (Chrono Boost)  
  30  4:21  Probe  
  31  4:27  Pylon  
  28  4:53  Void Ray (Chrono Boost)  
  28  4:56  Stargate  
  32  5:03  Pylon  
  32  5:05  Pylon  
  32  5:09  Pylon, Photon Cannon  
  32  5:15  Pylon  
  32  5:30  Void Ray (Chrono Boost)  
  32  5:32  Protoss Air Weapons Level 1 (Chrono Boost)  
  36  5:53  Void Ray  
  36  6:18  Nexus  
  36  6:21  Assimilator  
  36  6:26  Assimilator  
  36  6:32  Phoenix  
  38  6:41  Photon Cannon  
  38  6:46  Photon Cannon  
  38  6:58  Fleet Beacon  
  38  7:01  Pylon  
  38  7:07  Phoenix  
  40  8:03  Graviton Catapult  
  40  8:07  Protoss Shields Level 1  
  40  8:14  Probe  
  41  8:25  Probe  
  42  8:35  Probe  
  43  8:46  Probe  
  44  8:57  Probe  
  51  9:03  Carrier (Chrono Boost)  
  51  9:07  Probe  
  38  9:18  Probe  
  39  9:25  Carrier (Chrono Boost)  
  39  9:28  Probe  
  46  9:35  Photon Cannon  
  46  9:42  Photon Cannon  
  46  9:44  Probe  
  47  9:54  Probe  
  48  10:01  Stargate  
  48  10:02  Stargate  
  48  10:05  Probe  
  49  10:15  Probe  
  49  10:17  Nexus  
  50  10:26  Probe  
  51  10:55  Carrier (Chrono Boost)  
  53  11:06  Carrier (Chrono Boost)  
  51  11:37  Probe  
  52  11:42  Assimilator  
  52  11:47  Probe, Assimilator  
  53  11:58  Probe  
  54  12:08  Probe  
  55  12:19  Probe  
  62  13:00  Carrier (Chrono Boost)  
  62  13:04  Carrier (Chrono Boost)  
  62  13:07  Protoss Air Armor Level 1  
  59  13:59  Twilight Council  
  71  14:31  Carrier (Chrono Boost)  
  71  14:38  Carrier (Chrono Boost)  
  77  14:47  Carrier (Chrono Boost)  
  43  16:03  Pylon  
  43  16:04  Pylon  
  43  16:06  Pylon  
  43  16:29  Stargate  
  43  16:32  Stargate  
  43  16:36  Stargate  
  43  16:49  Nexus  
  43  16:54  Assimilator  
  43  16:55  Assimilator  
  43  17:13  Gateway  
  43  17:22  Pylon  
  43  17:24  Forge  
  43  17:29  Pylon  
Tags
 
Add a new tag
Caveats
  • Supply blocks, unpowered buildings, or Contaminate may cause inaccurate times.
  • Supply counts are checked every 10 seconds.